 Dungeon Crawl Stone Soup version 0.29-a0-322-g68df515428 (webtiles) character file.

Game seed: 10585163187218706634

14 Murumi the Vexing (level 2, -1/15 HPs)
             Began as a Vampire Enchanter on Apr 8, 2022.
             Slain by a kobold
             ... wielding a +3 short sword
              (5 damage)
             ... on level 1 of the Dungeon.
             The game lasted 00:02:05 (958 turns).

Murumi the Vexing (Vampire Enchanter)                Turns: 958, Time: 00:02:05

Health: -1/15      AC:  2    Str:  7    XL:     2   Next: 31%
Magic:  1/5        EV: 12    Int: 17    God:
Gold:   9          SH:  0    Dex: 14    Spells: 3/5 levels left

rFire   . . .      SeeInvis +   a - +1 dagger
rCold   + + .      Faith    .   (no shield)
rNeg    + + +      Spirit   .   b - +0 robe
rPois   ∞          Reflect  .   (no helmet)
rElec   .          Harm     .   (no cloak)
rCorr   .          Rampage  .   (no gloves)
Will    .....                   (no boots)
Stlth   +++++.....              (no amulet)
HPRegen 0.00/turn               (no ring)
MPRegen 0.09/turn               (no ring)

@: bloodless, inhibited regen
A: bloodless, fangs 3, see invisible, vampiric 1
a: Revivify


You were on level 1 of the Dungeon.
You visited 1 branch of the dungeon, and saw 1 of its levels.

You collected 9 gold pieces.

Inventory:

Hand Weapons
 a - a +1 dagger (weapon)
Armour
 b - a +0 robe (worn)
Scrolls
 d - a scroll of identify {unknown}
Potions
 c - 2 potions of invisibility


   Skills:
 + Level 1.4 Short Blades
 - Level 2.1 Dodging
 - Level 5.0 Stealth
 - Level 2.0 Spellcasting
 - Level 5.0 Hexes


You had 3 spell levels left.
You knew the following spells:

 Your Spells              Type           Power      Damage    Failure   Level
a - Ensorcelled Hibernat  Hex/Ice        20%        N/A       11%         2

Your spell library contained the following spells:

 Spells                   Type           Power      Damage    Failure   Level
 Confusing Touch          Hex            18%        N/A       8%          3
 Tukima's Dance           Hex            18%        N/A       8%          3
 Dazzling Flash           Conj/Hex       20%        N/A       21%         3


Dungeon Overview and Level Annotations

Branches:
Dungeon (1/15)

Altars:


Innate Abilities, Weirdness & Mutations

You do not regenerate when monsters are visible.
You are frail without blood (-20% HP).
You can heal yourself when you bite living creatures.
You are immune to poison.
You have razor-sharp teeth.
You have supernaturally acute eyesight. (SInv)
You are afflicted with vampirism.


Message History

You see here a rat corpse.
There is a staircase leading out of the dungeon here.
You see here a +0 club.
Found a robe.
A hobgoblin comes into view.
Found a green potion.
A kobold comes into view. It is wielding a +3 short sword.
A hobgoblin comes into view.
The helpless hobgoblin fails to defend itself.
You bite the hobgoblin, and draw its blood!
You impale the hobgoblin!!
You kill the hobgoblin!
The hobgoblin shouts!
The kobold shouts!
A goblin comes into view. It is wielding a +0 dagger.
Casting: Ensorcelled Hibernation (safe; 11% risk of failure)
Confirm with . or Enter, or press ? or * to list all spells.
Aiming: Ensorcelled Hibernation (safe; 11% risk of failure)
Press: ? - help, Shift-Dir - straight line, f - kobold
Aim: a kobold, wielding a +3 short sword (chance to affect: 62%)
The kobold resists with significant effort.
The kobold hits you with a +3 short sword.
Casting: Ensorcelled Hibernation (safe; 11% risk of failure)
Confirm with . or Enter, or press ? or * to list all spells.
Aiming: Ensorcelled Hibernation (safe; 11% risk of failure)
Press: ? - help, Shift-Dir - straight line, f/p - kobold
Aim: a kobold, wielding a +3 short sword (chance to affect: 62%)
The kobold resists with significant effort.
The kobold closely misses you.
Casting: Ensorcelled Hibernation (safe; 11% risk of failure)
Confirm with . or Enter, or press ? or * to list all spells.
You don't have enough magic to cast this spell.
The kobold attacks as you move away!
The kobold hits you with a +3 short sword.
The kobold attacks as you move away!
The kobold hits you with a +3 short sword.
* * * LOW HITPOINT WARNING * * *
The kobold attacks as you move away! The kobold barely misses you.
The kobold attacks as you move away!
The kobold hits you with a +3 short sword.
You die...

.........#
........#..#...##....
..........# .......
#............ ..........#
....... #.......#....
..........#
........#.....#.#....
........##
................#....
#......
...#+##.###.###......
###......#.##.#.........#..
.........#.##.#.#.###.#....
#.......#@##.#.#..........
+#.......#K...#.#.....#.#.#
.........#g.........###....
.........#.....###..#####.#
..#.....##g....##.......#..
......!.##........#.###.###
..................#..#.....
...#+##.....).....#..#.####
. ##....................


You could see a hobgoblin, a goblin and a kobold.

Vanquished Creatures
  2 bats (D:1)
  An endoplasm (D:1)
  2 hobgoblins (D:1)
  3 quokkas (D:1)
  A ball python (D:1)
  A kobold (D:1)
  3 rats (D:1)
13 creatures vanquished.

Notes
Turn   | Place    | Note
-------+----------+-------------------------------------------
     0 | D:1      | Murumi the Vampire Enchanter began the quest for the Orb.
     0 | D:1      | Reached XP level 1. HP: 13/13 MP: 3/3
   295 | D:1      | Reached skill level 5 in Hexes
   323 | D:1      | Reached XP level 2. HP: 1/15 MP: 5/5
   607 | D:1      | Learned a level 2 spell: Ensorcelled Hibernation
   675 | D:1      | Reached skill level 5 in Stealth
   958 | D:1      | Slain by a kobold

Illustrated notes

Levels and vault maps discovered:
D:1:      roderic_dead_forest, layout_basic, ebering_ecumenical_altar_ruins

Skill      XL: |  1  2 |
---------------+-------+-----
Hexes          | 5 |  5.0
Stealth        | 5 |  5.0
Short Blades   | |  1.4
Dodging        | |  2.1
Spellcasting   | |  2.0

Action                   || total
-------------------------++-------
Melee: Dagger            ||    26
       Bite              ||     1
 Cast: Ensorcelled Hiber ||     3
 Abil: Exsanguinate      ||     1
  Use: Scroll            ||     1
 Stab: Sleeping          ||     6
Armor: Robe              ||     8
Dodge: Dodged            ||    12

Table legend: (Time is in decaauts)
 A = Elapsed time spent in this place.
 B = Non-inter-level travel time spent in this place.
 C = Inter-level travel time spent in this place.
 D = Time resting spent in this place.
 E = Time spent auto-exploring this place.
 F = Levels seen in this place.
 G = Mean time per level.
                   A        B        C        D        E       F      G
               +--------+--------+--------+--------+--------+-----+--------+
         Total |    956 |    956 |      0 |      0 |    819 |   1 |  956.0 |
       Dungeon |    956 |    956 |      0 |      0 |    819 |   1 |  956.0 |
               +--------+--------+--------+--------+--------+-----+--------+

Top non-repeatable levels by time:
     D:1: 956 daAuts
